Description

This build now has a SALT encoding, so that's good.

VOD

https://youtu.be/r2l2IUjJgoE?t=4528

Replay - PvZ DT Attack Example

Build Order

Get SALT Encoding   

  12  0:00  Probe  
  13  0:12  Probe  
  14  0:18  Pylon  
  14  0:24  Probe (Chrono Boost)  
  15  0:36  Probe (Chrono Boost)  
  15  0:39  Gateway  
  16  0:44  Probe (Chrono Boost)  
  16  0:47  Assimilator  
  17  0:51  Probe  
  18  1:03  Probe  
  19  1:15  Probe  
  20  1:23  Nexus  Pause at 20 probes to get both the nexus and core at 20 supply
  20  1:34  Cybernetics Core  
  20  1:36  Probe  
  21  1:41  Assimilator  
  21  1:48  Probe  
  21  1:51  Pylon  
  22  2:00  Probe  
  23  2:07  Adept (Chrono Boost)  
  23  2:11  Warp Gate  
  23  2:13  Probe  
  26  2:21  Twilight Council  
  26  2:25  Probe (Chrono Boost)  
  26  2:29  Stalker  
  27  2:36  Probe (Chrono Boost)  
  30  2:43  Probe x2 (Chrono Boost)  
  31  2:50  Probe x2 (Chrono Boost)  
  33  2:51  Robotics Facility  
  34  3:01  Probe x2  
  36  3:13  Probe x2  
  36  3:17  Dark Shrine  
  38  3:25  Probe x2, Gateway x2  
  38  3:36  Gateway  4 gates total
  38  3:37  Probe x2  
  40  3:45  Warp Prism (Chrono Boost)  Send this to the zerg's 3rd
  42  3:49  Probe x2  
  42  3:55  Pylon  
  44  3:58  Assimilator x2  
  44  4:01  Probe x2  
  46  4:14  Probe x2, Observer  
  48  4:23  Pylon  
  49  4:34  Pylon  
  49  4:44  Dark Templar x4  
  57  4:50  Probe  
  57  4:52  Immortal (Chrono Boost)  
  58  4:54  Pylon x2  
  62  5:06  Gateway x4  
  62  5:09  Charge (Chrono Boost)  
  62  5:12  Gateway  9 gates total
  62  5:23  Templar Archives  
  62  5:26  Adept x2  
  66  5:38  Nexus  Fake 3rd. Barely saturate this
  66  5:40  Pylon  
  66  5:45  Immortal (Chrono Boost)  
  70  5:50  Archon x2  These are the initial DTs
  70  5:58  Probe x2  
  72  6:05  High Templar  
  72  6:10  Zealot x2  
  78  6:15  Pylon x2  
  78  6:17  Immortal  
  82  6:19  Shield Battery  
  82  6:22  High Templar  
  84  6:27  High Templar  
  86  6:33  Pylon x3  
  86  6:34  Zealot  
  86  6:39  Archon  
  88  6:44  Zealot x4  
  88  6:47  High Templar  
  96  6:51  Zealot, Archon  
  100  7:03  Zealot x3  Full attack, all weapons!
  106  7:09  High Templar x2, Zealot x3  
  116  7:16  Archon  
  116  7:20  Zealot x4  
  124  7:37  Zealot x3  
  130  7:44  Pylon x3  
  130  7:47  Zealot  
  130  7:50  Pylon, High Templar x2  
Spawning Tool Build Advisor. Get it on Overwolf

Analysis

Goals of the build: -4 DTs warp in at the 3rd base at 4:45 -3 immortals, 5 archons, and 18 chargelots at the zerg base at 7:30

This build is similar to PiG's, except I add a templar archives after charge. Because DT archons are more expensive than HT archons, this variation is actually nearly equal at the time of the attack, and grows stronger in comparison once the attack starts since you save money on archons. PiG's: 3 DT archons after initial DTs cost 750/750 = 1500 resources My Variation: 3 HT archons after initial DTs + archives = 450/1100 = 1650 resources

There are 2 obvious weaknesses of this build 1. Your 3rd base has very few probes, so if your attack fails you could be behind 2. This build doesn't get a forge, so you'll have no upgrades or cannons

You could add a forge at the cost of 1.5 zealots, and you could saturate your 3rd a bit, but this would weaken the timing attack.

Go to:

Details

  • Created by: flashandfoul
  • Published on: Oct 24, 2022
  • Modified on: Oct 24, 2022
  • Patch: 4.11.0
  • Difficulty: Medium
Show
View Real Time Build Order
Export as new Build Order

Comments (0)

There are no comments. Be the first!

Create an account to comment!